 Dungeon Crawl Stone Soup version 0.30-a0-953-g5f1da4a474 (webtiles) character file.

Game seed: 1831980049589338316

1256 NotreDorf the Ruffian (level 8, -11/79 HPs)
             Began as a Troll Berserker on Mar 28, 2023.
             Was a Priest of Trog.
             Mangled by an ogre
             ... wielding a +0 giant club
              (31 damage)
             ... on level 6 of the Dungeon.
             The game lasted 00:12:37 (4630 turns).

NotreDorf the Ruffian (Troll Berserker)             Turns: 4630, Time: 00:12:38

Health: -11/79     AC:  4    Str: 26    XL:     8   Next: 26%
Magic:  7/7        EV: 14    Int:  5    God:    Trog [***...]
Gold:   406        SH:  9    Dex:  9    Spells: 7/7 levels left

rFire   . . .      SeeInvis +      - Unarmed
rCold   . . .      Faith    .    g - +1 kite shield
rNeg    . . .      Spirit   .    a - +0 animal skin
rPois   .          Reflect  .    (helmet restricted)
rElec   .          Rampage  .    (no cloak)
rCorr   .                        (gloves unavailable)
Will    .....                    (boots unavailable)
Stlth   +                        (no amulet)
HPRegen 1.13/turn                n - ring of see invisible
MPRegen 0.10/turn                h - +5 ring of evasion

@: no status effects
A: large, unfitting armour, claws 3, regeneration 1, shaggy fur 1, tough skin 1
a: Renounce Religion, Berserk, Trog's Hand


You were on level 6 of the Dungeon.
You worshipped Trog.
Trog was most pleased with you.
You visited 1 branch of the dungeon, and saw 6 of its levels.

You collected 406 gold pieces.

Inventory:

Hand Weapons
 i - a +0 giant spiked club
Missiles
 q - 14 poisoned darts (quivered)
Armour
 a - a +0 animal skin (worn)
 g - a +1 kite shield (worn)
Jewellery
 h - a +5 ring of evasion (right claw)
 n - a ring of see invisible (left claw)
Wands
 t - a wand of polymorph (13)
Scrolls
 c - 3 scrolls of teleportation {unknown}
 e - 2 scrolls of enchant weapon {unknown}
 f - 4 scrolls of enchant armour
 j - a scroll of identify
 k - 2 scrolls of fear {unknown}
 m - a scroll of torment {unknown}
Potions
 b - 3 potions of flight
 d - a potion of heal wounds {unknown}
 l - 3 potions of haste {unknown}
 o - a potion of might {unknown}
 r - a potion of experience {unknown}
 u - 2 potions of cancellation {unknown}
 v - a potion of attraction {unknown}
 w - 2 potions of brilliance {unknown}


   Skills:
 + Level 4.8 Fighting
 + Level 4.9 Dodging
 + Level 4.1 Shields
 + Level 5.8 Unarmed Combat


You had 7 spell levels left.
You didn't know any spells.
Your spell library was empty.

Dungeon Overview and Level Annotations

Branches:
Dungeon (6/15)             Temple (0/1) D:4

Altars:
Vehumet

Shops:
D:1 *


Innate Abilities, Weirdness & Mutations

You are too large for most types of armour.
You have claws for hands.
Your natural rate of healing is unusually fast.
You are covered in fur. (AC +1)
You have tough skin. (AC +1)


Message History

You see here a scroll of identify.
j - a scroll of identify A gnoll comes into view.
It is wielding a +0 whip.
The gnoll shouts!
You hear a shout!
An ogre comes into view. It is wielding a +0 giant club.
The ogre shouts!
You block the gnoll's attack.
You claw the gnoll!
You kill the gnoll!
Trog accepts your kill.
You scratch the gnoll but do no damage. You block the gnoll's attack.
You scratch the gnoll.
The gnoll is moderately wounded.
The gnoll hits you with a +0 whip!
You scratch the gnoll.
The gnoll is heavily wounded.
The ogre hits you with a +0 giant club! The gnoll misses you.
You scratch the gnoll.
The gnoll is almost dead.
The gnoll closely misses you. You block the ogre's attack.
You closely miss the gnoll.
The gnoll is almost dead.
You block the gnoll's attack.
You claw the gnoll!
You kill the gnoll!
Trog accepts your kill. The ogre misses you.
You scratch the ogre.
The ogre is lightly wounded.
The ogre hits you with a +0 giant club!!
You barely miss the ogre.
The ogre is lightly wounded.
You barely miss the ogre.
The ogre is lightly wounded.
The ogre hits you with a +0 giant club!!
* * * LOW HITPOINT WARNING * * *
You claw the ogre!
The ogre is heavily wounded.
The ogre hits you with a +0 giant club!!
You die...

## ## ###### ##.
######.##.
#....######..##..#......
#.....#.##..............
#...)......#............
#.<....................
###)).#.........)O......
......#.#.......@)......
........#...............
#..##...................
#.......................
............#...........
.[.[...#....#...#.......
#.)#...#.......##.......
..##....#......##.......
#.# #...#...##..##....


You could see an ogre.

Vanquished Creatures
  A black bear (D:6)
  An ogre (D:5)
  A phantom (D:6)
  A kobold brigand (D:4)
  2 scorpions
  4 orc priests
  2 jellies (D:4)
  8 hounds
  A sleepcap (D:5)
  5 orc wizards
  2 iguanas (D:5)
  7 adders
  5 gnolls
  2 worms
  A dart slug (D:5)
  14 orcs
  6 ball pythons
  2 bats (D:3)
  8 endoplasms
  3 giant cockroaches
  4 goblins
  6 hobgoblins
  5 jackals
  11 kobolds
  2 frilled lizards
  4 rats
108 creatures vanquished.

Notes
Turn   | Place    | Note
-------+----------+-------------------------------------------
     0 | D:1      | NotreDorf the Troll Berserker began the quest for the Orb.
     0 | D:1      | Reached XP level 1. HP: 22/22 MP: 0/0
    27 | D:1      | You fall into a shaft and drop 1 floor!
   107 | D:2      | Reached XP level 2. HP: 29/29 MP: 1/1
   234 | D:1      | Found Buejuol's Assorted Antiques.
   750 | D:1      | Reached XP level 3. HP: 36/36 MP: 2/2
   857 | D:2      | Found a faded altar of an unknown god.
   883 | D:2      | Found a radiant altar of Vehumet.
   982 | D:2      | Reached ** piety under Trog
  1118 | D:2      | Reached XP level 4. HP: 43/45 MP: 3/3
  1123 | D:2      | Reached skill level 1 in Shields
  1604 | D:3      | Reached XP level 5. HP: 53/53 MP: 4/4
  1842 | D:3      | Reached skill level 4 in Unarmed Combat
  2622 | D:4      | Reached XP level 6. HP: 47/61 MP: 5/5
  2771 | D:4      | Found a staircase to the Ecumenical Temple.
  3046 | D:4      | Reached *** piety under Trog
  3091 | D:5      | Entered Level 5 of the Dungeon
  3308 | D:5      | Reached XP level 7. HP: 26/70 MP: 6/6
  3995 | D:5      | Reached skill level 5 in Unarmed Combat
  4458 | D:6      | Reached XP level 8. HP: 79/79 MP: 7/7
  4630 | D:6      | Mangled by an ogre

Illustrated notes

Levels and vault maps discovered:
D:1:      nzn_arrival_water_spiral, layout_basic, serial_shops,
          nicolae_shop_behind_doors
D:2:      layout_loops_corners, nicolae_ecumenical_pavilion, basic_altar
D:3:      layout_basic
D:4:      layout_rooms, minmay_temple_entry_tees
D:5:      layout_loops_corners, kennysheep_small_spiral, dreamdust_wishing_well
D:6:      layout_cave_pools, columned_hall_lemuel, nicolae_fountain_basement

Skill      XL: |  1  2  3  4  5  6  7  8 |
---------------+-------------------------+-----
Dodging        | 3 4 |  4.9
Fighting       | 3 4 |  4.8
Shields        | 1 2 3 4 |  4.1
Unarmed Combat | 4 5 |  5.8

Action                     |  1- 3 |  4- 6 |  7- 9 || total
---------------------------+-------+-------+-------++-------
  Melee: Unarmed           |    68 |   169 |    94 ||   331
         Punch             |     2 |       |       ||     2
  Throw: Dart              |       |    12 |       ||    12
 Invoke: Berserk           |       |       |     2 ||     2
    Use: Scroll            |       |     4 |     2 ||     6
         Potion            |       |       |     2 ||     2
 Armour: Animal skin       |    16 |    22 |    14 ||    52
  Dodge: Dodged            |    26 |    41 |    41 ||   108
  Block: Kite shield       |     8 |    63 |    36 ||   107

Table legend: (Time is in decaauts)
 A = Elapsed time spent in this place.
 B = Non-inter-level travel time spent in this place.
 C = Inter-level travel time spent in this place.
 D = Time resting spent in this place.
 E = Time spent auto-exploring this place.
 F = Levels seen in this place.
 G = Mean time per level.
                   A        B        C        D        E       F      G
               +--------+--------+--------+--------+--------+-----+--------+
         Total |   4659 |   4219 |    440 |    130 |   3321 |   6 |  776.5 |
       Dungeon |   4659 |   4219 |    440 |    130 |   3321 |   6 |  776.5 |
               +--------+--------+--------+--------+--------+-----+--------+

Top non-repeatable levels by time:
     D:5: 1181 daAuts
     D:3: 1024 daAuts
     D:2: 934 daAuts
     D:1: 700 daAuts
     D:4: 657 daAuts
     D:6: 162 daAuts
